Map: Last Fantasy LE

Players

ManlyManMeat - Winner!

  • Race: Protoss Protoss
  • Spawn Location: 12:00

Belgrade

  • Race: Protoss Protoss
  • League: Silver
  • Spawn Location: 7:00

VOD

Have the link to the VOD?

Description

Time

  • Played on: May 14, 2025, 7:39 a.m.
  • Length: 19:02
Show
View Real Time Build Order
Export as new Build Order

ManlyManMeat Protoss - Winner!

Build Orders: Double Forge 

Get SALT Encoding   

  12  0:00  Probe  
  13  0:15  Probe  
  13  0:16  Pylon  
  14  0:23  Probe  
  15  0:32  Probe  
  16  0:38  Gateway  
  16  0:46  Assimilator  
  16  0:49  Probe  
  17  1:00  Forge  
  17  1:04  Probe  
  18  1:16  Probe  
  18  1:18  Assimilator  
  19  1:24  Probe  
  19  1:33  Probe, Zealot  
  19  1:46  Cybernetics Core  
  19  1:56  Pylon  
  19  1:58  Pylon  
  19  2:04  Protoss Shields Level 1  
  19  2:14  Zealot  
  19  2:15  Probe  
  19  2:32  Twilight Council  
  19  2:41  Zealot  
  19  2:43  Warp Gate  
  19  2:50  Gateway  
  19  2:57  Charge  
  19  3:12  Zealot  
  19  3:19  Gateway  
  19  3:40  Forge  
  19  3:43  Forge  
  19  3:45  Zealot  
  19  3:47  Zealot  
  19  4:06  Zealot  
  19  4:14  Protoss Ground Weapons Level 1  
  19  4:15  Protoss Ground Armor Level 1  
  19  4:35  Zealot  
  19  4:46  Pylon  
  19  4:53  Pylon  
  19  4:59  Gateway  
  19  5:01  Gateway  
  19  5:03  Protoss Shields Level 2  
  19  5:15  Sentry  
  19  5:17  Sentry  
  19  5:19  Zealot  
  19  5:49  Zealot x2  
  19  5:50  Zealot  
  19  5:54  Zealot  
  19  5:55  Zealot  
  19  6:18  Pylon  
  19  6:20  Pylon  
  19  6:23  Pylon  
  19  6:26  Protoss Ground Weapons Level 2  
  19  6:37  Protoss Ground Armor Level 2  
  19  7:05  Stargate  
  19  7:33  Zealot x5  
  19  7:47  Protoss Shields Level 3  
  19  8:52  Nexus  
  19  8:55  Nexus  
  19  9:11  Protoss Ground Weapons Level 3  
  19  9:13  Protoss Ground Armor Level 3  
  19  9:31  Sentry x2  
  19  9:32  Sentry x2  
  19  9:37  Probe  
  19  9:49  Probe  
  19  10:01  Probe  
  19  10:07  Probe x2  
  19  10:10  Probe  
  19  10:15  Probe x2  
  19  10:26  Assimilator  
  19  10:27  Assimilator  
  19  10:48  Nexus  
  19  10:52  Assimilator  
  19  10:53  Probe  
  19  10:57  Probe  
  19  10:58  Stalker x2  
  19  11:01  Probe  
  19  11:09  Probe  
  19  11:10  Probe  
  19  11:11  Probe  
  19  11:17  Probe  
  19  11:18  Probe  
  19  11:41  Probe x3  
  19  11:47  Pylon  
  19  11:50  Pylon  
  19  11:53  Pylon  
  19  11:57  Pylon  
  19  12:04  Probe x3  
  19  12:07  Probe  
  19  12:08  Pylon  
  19  12:12  Probe x2  
  19  12:13  Pylon  
  19  12:18  Probe  
  19  12:19  Assimilator  
  19  12:21  Probe x2  
  19  12:22  Probe  
  19  12:27  Probe  
  19  12:33  Probe x2  
  19  12:34  Probe  
  19  12:35  Probe  
  19  12:45  Probe  
Show
View Real Time Build Order
Export as new Build Order

Belgrade Protoss 

Build Orders:  

Get SALT Encoding   

  1  0:00  Probe  
  12  0:05  Probe  
  14  0:20  Pylon  
  14  0:23  Probe  
  15  0:38  Probe  
  16  0:50  Probe  
  17  1:00  Probe  
  18  1:21  Nexus  
Tags
 
League
Silver
Matchup
PvP
Spawn Locations
Cross Positions
Add a new tag
Caveats
  • Supply blocks, unpowered buildings, or Contaminate may cause inaccurate times.
  • Supply counts are checked every 10 seconds.